Map: Ruins of Endion

Players

blackxored

  • Race: Zerg Zerg
  • League: Platinum

Köttplockarn - Winner!

  • Race: Zerg Zerg
  • League: Diamond

VOD

Have the link to the VOD?

Description

Time

  • Played on: June 30, 2016, 6:20 a.m.
  • Length: 7:58
Show
View Real Time Build Order
Export as new Build Order

blackxored Zerg 

Build Orders: Hatch First, Zergling Baneling 

Get SALT Encoding   

  12  0:01  Drone  
  13  0:09  Drone  
  14  0:18  Overlord  
  14  0:24  Extractor  
  14  0:25  Drone  
  15  0:37  Drone x2  
  17  0:54  Hatchery  
  16  0:57  Drone  
  16  1:00  Drone  
  18  1:12  Extractor  
  18  1:17  Spawning Pool  
  16  1:19  Drone  
  16  1:21  Drone  
  18  1:27  Drone  
  19  1:38  Overlord  
  19  1:49  Overlord  
  19  2:01  Drone  
  19  2:05  Spine Crawler  
  19  2:07  Baneling Nest  
  19  2:08  Zergling x2, Queen  
  21  2:17  Queen  
  21  2:21  Zergling x2  
  24  2:24  Zergling x2  
  25  2:32  Zergling x2  
  25  2:33  Zergling x2  
  28  2:44  Zergling x6  
  30  2:54  Baneling x2  
  30  3:03  Queen  
  30  3:12  Baneling x3  
  30  3:19  Metabolic Boost  
  29  3:41  Baneling x2  
  29  3:43  Drone x7  
  35  4:02  Zergling x10  
  36  4:05  Overlord x2  
  35  4:17  Overlord  
  33  4:39  Baneling x6  
  33  4:42  Drone x5  
  38  4:46  Baneling  
  38  4:51  Queen x2  
  42  5:06  Spine Crawler  
  39  5:13  Zergling x10  
  41  5:25  Drone x2  
  41  5:28  Roach Warren, Drone  
  46  5:34  Lair  
  37  5:59  Zergling x14  
  39  6:09  Zergling x8  
  37  6:15  Spine Crawler  
  30  6:19  Baneling  
  30  6:20  Baneling  
  16  6:32  Zergling x4  
  12  6:43  Roach x2  
  16  6:50  Roach  
  16  6:52  Queen  
  20  7:00  Roach  
  20  7:08  Drone x2  
  18  7:31  Drone  
  18  7:32  Drone  
  20  7:41  Drone  
Show
View Real Time Build Order
Export as new Build Order

Köttplockarn Zerg - Winner!

Build Orders: Pool First, Zergling Baneling 

Get SALT Encoding   

  12  0:01  Drone  
  13  0:08  Drone  
  14  0:17  Overlord  
  14  0:25  Extractor  
  13  0:28  Drone  
  13  0:35  Drone x2  
  16  0:50  Drone  
  16  0:51  Spawning Pool  
  16  0:55  Drone  
  17  1:06  Drone  
  18  1:27  Hatchery  
  17  1:38  Queen  
  19  1:42  Metabolic Boost  
  19  1:46  Overlord  
  19  1:53  Zergling x2  
  19  1:54  Zergling x2  
  21  2:00  Zergling x2  
  22  2:10  Drone  
  22  2:14  Queen  
  25  2:23  Baneling Nest, Drone  
  25  2:36  Drone  
  26  2:38  Queen  
  28  2:45  Zergling x4  
  30  2:54  Zergling x6  
  33  3:00  Zergling x2  
  33  3:01  Zergling x2  
  34  3:09  Zergling x4  
  34  3:11  Baneling  
  34  3:12  Baneling  
  36  3:17  Overlord  
  36  3:29  Baneling x4  
  36  3:32  Zergling x2  
  36  3:33  Zergling x4  
  35  3:38  Drone  
  36  3:47  Zergling x4  
  36  3:48  Zergling x2  
  37  3:59  Zergling x4  
  37  4:03  Zergling x2  
  37  4:09  Zergling x2  
  39  4:14  Zergling x8  
  40  4:21  Zergling x4  
  37  4:33  Zergling x8  
  37  4:35  Zergling x2  
  40  4:39  Baneling x2  
  40  4:42  Drone  
  41  4:50  Zergling x2  
  41  4:56  Zergling x2, Baneling  
  41  4:57  Zergling x2  
  40  5:03  Zergling x4  
  39  5:08  Zergling x4  
  39  5:12  Zergling x4  
  41  5:18  Zergling x4  
  43  5:26  Drone  
  44  5:28  Baneling x2  
  44  5:29  Baneling x4  
  43  5:44  Zergling x2  
  43  5:47  Zergling x2  
  39  6:02  Zergling x4, Baneling x2  
  39  6:04  Zergling x4  
  40  6:05  Zergling x4, Baneling x2  
  42  6:12  Zergling x4  
  42  6:17  Baneling x2  
  39  6:27  Zergling x8  
  39  6:28  Zergling x2  
  42  6:34  Zergling x4  
  42  6:35  Zergling x2  
  44  6:50  Baneling x3  
  40  7:09  Zergling x8  
  42  7:19  Drone  
  42  7:20  Drone x2  
  43  7:22  Overlord  
  43  7:23  Overlord  
  43  7:26  Roach Warren, Spine Crawler  
  43  7:27  Spine Crawler  
  43  7:28  Overlord  
  43  7:29  Drone  
  40  7:33  Drone  
  40  7:36  Drone  
  42  7:39  Drone  
  42  7:43  Drone  
  44  7:45  Drone  
Tags
 
Add a new tag
Caveats
  • Supply blocks, unpowered buildings, or Contaminate may cause inaccurate times.
  • Supply counts are checked every 10 seconds.